 Dungeon Crawl Stone Soup version 0.17-a0-1133-gfb1399f (webtiles) character file.

30 Hanyuu the Insei (level 3, -1/23 HPs)
             Began as an Octopode Transmuter on May 25, 2015.
             Slain by a goblin (3 damage)
             ... on level 2 of the Dungeon.
             The game lasted 00:02:02 (985 turns).

Hanyuu the Insei (Octopode Transmuter)               Turns: 985, Time: 00:02:03

Health: -1/23      AC:  1    Str:  9    XL:     3   Next: 20%
Magic:  6/6        EV: 12    Int: 16    God:
Gold:   68         SH:  0    Dex: 12    Spells: 3 memorised, 0 levels left

rFire  . . .     SeeInvis .       - Unarmed
rCold  . . .     Clarity  .     (no shield)
rNeg   . . .     SustAt   .     (helmet restricted)
rPois  .         Gourm    .     (no amulet)
rElec  .         Spirit   .     (no ring)
rCorr  .         Warding  .     (no ring)
rMut   .         Stasis   .     (no ring)
MR     .....                    (no ring)
Stlth  ++........               (no ring)
                                (no ring)
                                (no ring)
                                (no ring)

@: lethally poisoned (-1 -> -13), appendage, not resistant to hostile
enchantments, unstealthy
A: almost no armour, amphibious, 8 rings, constrict 8, tentacle spike 3,
camouflage 1, gelatinous body 1
a: End Transformation


You were on level 2 of the Dungeon.
You were not hungry.
One of your tentacles had a temporary spike.
You visited 1 branch of the dungeon, and saw 2 of its levels.

You collected 68 gold pieces.

Inventory:

Missiles
 a - 22 arrows
Scrolls
 e - a scroll of noise {unknown}
 g - a scroll of identify {unknown}
Potions
 d - a potion of flight {unknown}
 i - a potion of invisibility {unknown}
Books
 b - a book of Changes

   Spells                             Type                      Level
   a - Beastly Appendage              Transmutation                1
   b - Sticks to Snakes               Transmutation                2
   c - Spider Form                    Transmutation/Poison         3
   d - Ice Form                       Ice/Transmutation            4
   e - Blade Hands                    Transmutation                5
Comestibles
 c - a bread ration
 f - 3 fruits
 h - 4 chunks of flesh


   Skills:
 - Level 1.0 Fighting
 - Level 2.0 Dodging
 + Level 4.2 Unarmed Combat
 - Level 2.0 Spellcasting
 - Level 2.0 Transmutations


You couldn't memorise any spells.
You knew the following spells:

 Your Spells              Type           Power        Failure   Level  Hunger
a - Beastly Appendage     Trmt           #.....       10%         1    #......
b - Sticks to Snakes      Trmt           #.........   14%         2    ###....
c - Spider Form           Trmt/Pois      #.........   38%         3    ###....


Dungeon Overview and Level Annotations

Branches:
Dungeon (2/15)

Altars:


Innate Abilities, Weirdness & Mutations

You cannot wear most types of armour.
You are amphibious.
You can wear up to eight rings at the same time.
You can use your tentacles to constrict eight enemies at once.
Your skin changes colour to match your surroundings (Stealth).
Your rubbery body absorbs attacks (AC +1).
One of your tentacles bears a large vicious spike.


Message History

You are lethally poisoned!
The adder poisons you!
You barely miss the adder. Your grab misses the adder.
The adder is severely wounded.
You feel sick. The adder barely misses you.
You barely miss the adder. Your grab misses the adder.
The adder is heavily wounded.
You feel sick.
The kobold shouts!
The adder bites you.
* * * LOW HITPOINT WARNING * * *
The kobold throws a stone.
The stone closely misses you.
You barely miss the adder. Your grab misses the adder.
Your tentacle-slap misses the adder.
The adder is heavily wounded.
* * * LOW HITPOINT WARNING * * *
You feel sick. The adder bites you.
* * * LOW HITPOINT WARNING * * *
The goblin hits you.
You die...

#..... .....##.......#
#.....##.....#.......#
.............#........
#...........#.K......
#...........#........
#...........#........
#.....#.....#gS......
#............@....... .
#.....##.............
..##..†..##....(........
.........#..............
...###.........#....##..
.....#.....)...#....# .
...#+#.........##.....
.........#+#...# .....
................


You could see an adder, a goblin and a kobold.

Vanquished Creatures
  A worm (D:2)
  4 bats
  6 goblins
  3 hobgoblins (D:1)
  5 kobolds
  2 giant newts (D:1)
  5 rats
26 creatures vanquished.

Notes
Turn   | Place    | Note
--------------------------------------------------------------
     0 | D:1      | Hanyuu the Octopode Transmuter began the quest for the Orb.
     0 | D:1      | Reached XP level 1. HP: 13/13 MP: 3/3
   106 | D:1      | Reached XP level 2. HP: 15/18 MP: 5/5
   648 | D:1      | Reached skill level 4 in Unarmed Combat
   778 | D:1      | Learned a level 2 spell: Sticks to Snakes
   886 | D:2      | Reached XP level 3. HP: 23/23 MP: 6/6
   891 | D:2      | Learned a level 3 spell: Spider Form
   985 | D:2      | Slain by a goblin

Vault maps used:
D:1:      dpeg_arrival_ternary, serial_corexii_hall,
          corexii_hall_statues_deadend, corexii_hall_statues_x, moated_statue

Action                   || total
-------------------------++-------
Melee: Unarmed           ||    60
 Cast: Spider Form       ||     1
       Beastly Appendage ||     1
 Stab: Sleeping          ||     4
